 Dungeon Crawl Stone Soup version 0.30.1-3-gfc49f6343a (webtiles) character file.

Game seed: 14988820530656901574

29897 shmup the Scorcher (level 13, -3/75 HPs)
             Began as a Tengu Fire Elementalist on July 29, 2023.
             Was an Elder of Qazlal.
             Killed from afar by an oklob plant (31 damage)
             ... with a splash of acid
             ... on level 5 of the Lair of Beasts on July 30, 2023.
             The game lasted 02:05:24 (21388 turns).

shmup the Scorcher (Tengu Fire Elementalist)       Turns: 21388, Time: 02:05:25

Health: -3/75      AC:  9    Str:  9    XL:     13   Next: 48%
Magic:  3/21       EV: 18    Int: 26    God:    Qazlal [****..]
Gold:   629        SH: 10    Dex: 15    Spells: 1/22 levels left

rFire   . . .        a - +7 dagger (venom)
rCold   . . .        (no shield)
rNeg    . . .        x - +2 robe {Archmagi}
rPois   .            (helmet restricted)
rElec   .            (no cloak)
rCorr   .            i - +0 pair of gloves
SInv    .            (boots unavailable)
Will    .....        m - amulet of reflection
Stlth   +            V - +4 ring of protection
HPRegen 0.32/turn    N - +6 ring of intelligence
MPRegen 0.17/turn

%: repel missiles, reflection, archmagi
@: about to teleport, flying quickly and evasively, quick
A: beak, talons 3, nimble flight
a: Renounce Religion, Upheaval, Elemental Force


You were on level 5 of the Lair of Beasts.
You worshipped Qazlal.
Qazlal was greatly pleased with you.
You visited 3 branches of the dungeon, and saw 17 of its levels.
You also visited: Sewer.

You collected 1011 gold pieces.
You spent 382 gold pieces at shops.

Inventory:

Hand Weapons
 a - a +7 dagger of venom (weapon)
 F - a +2 short sword of freezing
 X - a +2 short sword of electrocution
Missiles
 q - 5 javelins
 r - 28 poisoned darts
 G - 4 boomerangs
 P - 2 throwing nets
Armour
 i - a +0 pair of gloves (worn)
 x - a +2 robe of the Archmagi (worn)
Magical Staves
 b - a staff of fire
Jewellery
 h - a ring of protection from cold
 l - an amulet of regeneration
 m - an amulet of reflection (around neck)
 w - a ring of positive energy
 C - a ring of protection from fire
 N - a +6 ring of intelligence (right hand)
 V - a +4 ring of protection (left hand)
 Y - a +6 ring of intelligence
Wands
 g - a wand of roots (21)
 o - a wand of flame (58)
 p - a wand of light (6)
 y - a wand of mindburst (14)
 D - a wand of digging (6)
 Q - a wand of charming (4)
Scrolls
 d - 4 scrolls of fog
 k - a scroll of butterflies
 n - 5 scrolls of blinking
 t - 2 scrolls of immolation
 A - a scroll of teleportation
 B - 2 scrolls of noise
 H - 2 scrolls of identify
 J - a scroll of silence
 L - 2 scrolls of poison
 M - 2 scrolls of fear
 S - a scroll of magic mapping
 T - a scroll of brand weapon
 U - a scroll of amnesia
Potions
 e - 2 potions of haste
 f - 4 potions of mutation
 s - 5 potions of curing
 u - a potion of heal wounds
 v - a potion of flight
 z - 3 potions of ambrosia
 E - a potion of lignification
 I - a potion of cancellation
 K - 2 potions of attraction
 O - 2 potions of might
Miscellaneous
 c - a lightning rod (4/4)


   Skills:
 + Level 6.5 Fighting
 - Level 5.0 Short Blades
 + Level 7.5 Dodging
 - Level 2.0 Stealth
 - Level 5.0 Spellcasting
 * Level 14.2 Conjurations
 - Level 1.0 Hexes
 - Level 3.0 Translocations
 - Level 1.0 Transmutations
 * Level 15.9 Fire Magic
 - Level 5.0 Air Magic
 - Level 3.0 Earth Magic


You had one spell level left.
You knew the following spells:

 Your Spells              Type           Power      Damage    Failure   Level
a - Foxfire               Conj/Fire      100%       2x1d9     0%          1
b - Scorch                Fire           100%       2d9       0%          2
c - Inner Flame           Hex/Fire       66%        N/A       1%          3
d - Stone Arrow           Conj/Erth      100%       3d13      1%          3
e - Flame Wave            Conj/Fire      91%        2d19      1%          4
f - Starburst             Conj/Fire      45%        6d13      2%          6
g - Passwall              Tmut/Erth      20%        N/A       4%          2

Your spell library contained the following spells:

 Spells                   Type           Power      Damage    Failure   Level
 Shock                    Conj/Air       100%       1d9       1%          1
 Sandblast                Erth           66%        2d15      2%          1
 Summon Small Mammal      Summ           36%        N/A       8%          1
 Dazzling Flash           Conj/Hex       100%       N/A       1%          3
 Volatile Blastmotes      Fire/Tloc      100%       2d18      1%          3
 Iskenderun's Mystic Bla  Conj/Tloc      67%        2d14      2%          4
 Blink                    Tloc           66%        N/A       3%          2
 Swiftness                Air            48%        N/A       3%          3
 Portal Projectile        Hex/Tloc       50%        N/A       10%         3
 Airstrike                Air            24%        2d(4-20)  10%         4
 Tukima's Dance           Hex            17%        N/A       16%         3
 Summon Guardian Golem    Hex/Summ       13%        N/A       19%         3
 Call Canine Familiar     Summ           9%         N/A       22%         3
 Manifold Assault         Tloc           33%        N/A       22%         4
 Petrify                  Tmut/Erth      25%        N/A       32%         4
 Animate Armour           Summ/Erth      42%        N/A       38%         4
 Blade Hands              Tmut           8%         N/A       80%         5
 Yara's Violent Unravell  Hex/Tmut       8%         3d5       80%         5
 Metabolic Englaciation   Hex/Ice        6%         N/A       86%         5
 Statue Form              Tmut/Erth      16%        N/A       99%         6
 Summon Cactus Giant      Summ           4%         N/A       100%        6
 Enfeeble                 Hex            8%         N/A       100%        7
 Storm Form               Tmut/Air       16%        N/A       100%        7
 Lehudib's Crystal Spear  Conj/Erth      33%        10d9      100%        8


Dungeon Overview and Level Annotations

Branches:
Dungeon (12/15) Zot: 26857  Temple (1/1) D:7 Zot: 5776    Lair (5/5) D:10 Zot: 18465
 Shoals (0/4) Lair:2       Spider (0/4) Lair:2          Orc (0/2) D:11
  Sewer (visited)
  Slime: Lair:4-5

Altars:
Ashenzari
Cheibriados
Dithmenos
Elyvilon
Fedhas
Gozag
Hepliaklqana
Kikubaaqudgha
Makhleb
Nemelex Xobeh
Okawaru
Qazlal
Ru
Sif Muna
Trog
Uskayaw
Vehumet
Wu Jian
Xom
Yredelemnul
Zin
The Shining One

Shops:
D:5 ?   D:11 =

Annotations:
D:5 1 runed translucent door, Bronimir's ghost, novice OgCA
D:6 exclusion: downstairs
D:9 exclusion: downstairs
Lair:1 exclusion: downstairs
Lair:5 exclusion: oklob plant, Rupert


Innate Abilities, Weirdness & Mutations

You have a beak for a mouth.
You have claws for feet.
Your magical nature lets you fly swiftly and evasively.


Message History

You hear a bellow!
Unknown command.
Casting: Scorch (safe; 0% risk of failure)
Confirm with . or Enter, or press ? or * to list all spells.
Okay, then.
Unknown command.
Casting: Scorch (safe; 0% risk of failure)
Confirm with . or Enter, or press ? or * to list all spells.
You feel a surge of power!
Flames lash the oklob plant.
The oklob plant is lightly damaged.
The oklob plant's fire resistance burns away.
You hear a bellow!
You hear an angry hiss.
You hear a bellow!
You hear a croak.
A yak comes into view.
Unknown command.
Casting: Scorch (safe; 0% risk of failure)
Confirm with . or Enter, or press ? or * to list all spells.
You feel a surge of power!
Flames lash the oklob plant.
The oklob plant is burned terribly!
The oklob plant is moderately damaged.
You hear a bellow! x4
Unknown command.
Casting: Scorch (safe; 0% risk of failure)
Confirm with . or Enter, or press ? or * to list all spells.
Okay, then.
Unknown command.
Press: ? - help, v - describe, . - travel
Here: an oklob plant (moderately damaged, more vulnerable to fire)
The floor.
Unknown command.
As you read the scroll of teleportation, it crumbles to dust.
You feel strangely unstable.
You hear a bellow! x2
The oklob plant spits acid at you. The splash of acid hits you!!
* * * LOW HITPOINT WARNING * * *
A yak comes into view.
You hear a bellow!
You hear an angry hiss.
The oklob plant spits acid at you. The splash of acid hits you!!
You die...

.......
......Y
.......
....Y..
.......
#.P....
▒▒.......
▒..0.....
▒Q▒......
▒▒.......
.......
.......
.k.....
.......
.......
▒▒........
..... ..


You could see an oklob plant (combustible), 2 yaks and a rime drake.

Vanquished Creatures
  Kirke (Lair:3)
  3 hydras
  A boulder beetle (D:10)
  4 two-headed ogres
  Nergalle (D:9)
  A torpor snail (Lair:3)
  6 black mambas
  A gargoyle (D:11)
  A merfolk siren (Lair:2)
  5 cane toads
  6 komodo dragons
  2 rime drakes
  A polar bear (Lair:5)
  9 blink frogs (Lair:2)
  A vampire (D:9)
  2 jumping spiders (Lair:2)
  2 wyverns (D:9)
  A shadow (D:11)
  6 hogs (Lair:3)
  3 wraiths
  Grum (D:10)
  40 yaks
  A redback (Lair:2)
  2 steam dragons
  Menkaure (D:4)
  2 wargs (Lair:5)
  4 water moccasins
  6 orc warriors
  A sky beast (D:7)
  A black bear (D:6)
  2 ice beasts
  An ogre (D:4)
  18 wolves
  6 centaurs
  2 phantoms
  3 kobold brigands
  11 bullfrogs
  2 gnoll sergeants
  A scorpion (D:4)
  5 wights (D:7)
  6 killer bees (D:9)
  An electric eel (Lair:1)
  6 howler monkeys
  2 jellies
  An orc priest (D:10)
  2 gnoll boudas
  2 hounds
  9 hell rats
  5 iguanas
  A sleepcap (D:5)
  9 orc wizards
  Robin (D:4)
  19 gnolls
  11 adders
  3 shadow imps
  An ufetubus (D:4)
  7 worms
  3 dart slugs
  26 orcs
  14 ball pythons
  19 endoplasms
  9 giant cockroaches
  17 goblins
  11 hobgoblins
  9 jackals
  25 kobolds
  15 quokkas
  7 bats
  9 frilled lizards
  7 rats
424 creatures vanquished.

Vanquished Creatures (collateral kills)
  2 foxfires (Lair:1)
2 creatures vanquished.

Vanquished Creatures (others)
  703 foxfires
703 creatures vanquished.

Grand Total: 1129 creatures vanquished

Notes
Turn   | Place    | Note
-------+----------+-------------------------------------------
     0 | D:1      | shmup the Tengu Fire Elementalist began the quest for the
                  | Orb.
     0 | D:1      | Reached XP level 1. HP: 10/10 MP: 4/4
   263 | D:1      | Reached XP level 2. HP: 15/15 MP: 1/6
   441 | D:1      | Reached skill level 4 in Fire Magic
   524 | D:1      | Found a faded altar of an unknown god.
   528 | D:1      | Learned a level 2 spell: Scorch
   681 | D:1      | Reached XP level 3. HP: 19/19 MP: 4/7
  1263 | D:2      | Reached XP level 4. HP: 24/24 MP: 2/8
  1569 | D:2      | Reached skill level 5 in Fire Magic
  2254 | D:3      | Gained mutation: Your magical nature lets you fly swiftly
                  | and evasively. [Tengu growth]
  2254 | D:3      | Reached XP level 5. HP: 27/28 MP: 4/9
  2895 | D:4      | Noticed Menkaure
  2907 | D:4      | Killed Menkaure
  2908 | D:4      | Reached skill level 6 in Fire Magic
  2908 | D:4      | Reached XP level 6. HP: 32/32 MP: 1/10
  3103 | D:4      | Learned a level 3 spell: Inner Flame
  3491 | D:4      | Reached skill level 5 in Conjurations
  3582 | D:4      | Reached skill level 7 in Fire Magic
  3638 | D:4      | Noticed Robin
  3677 | D:4      | Killed Robin
  3753 | D:4      | Found an ornate altar of the Wu Jian Council.
  3797 | D:4      | Reached XP level 7. HP: 36/36 MP: 8/11
  4228 | D:4      | Reached skill level 8 in Fire Magic
  4844 | D:5      | Entered Level 5 of the Dungeon
  4931 | D:5      | Noticed Bronimir's ghost (novice OgCA)
  4934 | D:5      | Found a runed translucent door.
  5027 | D:5      | Reached XP level 8. HP: 36/41 MP: 3/12
  5309 | D:5      | Found Panonwo's Magic Scroll Shop.
  5315 | D:5      | Bought a scroll of identify for 30 gold pieces
  5315 | D:5      | Bought a scroll of butterflies for 60 gold pieces
  5315 | D:5      | Bought a scroll of identify for 30 gold pieces
  5315 | D:5      | Bought a scroll of identify for 30 gold pieces
  5346 | D:5      | Found a glowing silver altar of Zin.
  5346 | D:5      | Noticed an angel
  5515 | D:5      | Noticed a yak
  5515 | D:5      | Noticed a yak
  5516 | D:5      | Noticed a yak
  5534 | D:5      | Killed a yak
  5535 | D:5      | Reached skill level 9 in Fire Magic
  5546 | D:5      | Noticed a yak
  5552 | D:5      | Killed a yak
  5941 | D:6      | Found a glowing drain.
  5952 | Sewer    | Entered a sewer
  6571 | D:6      | Reached skill level 1 in Earth Magic
  6690 | D:6      | Reached skill level 1 in Hexes
  6690 | D:6      | Reached skill level 1 in Translocations
  6832 | D:6      | Reached skill level 10 in Fire Magic
  6832 | D:6      | Reached XP level 9. HP: 45/45 MP: 2/13
  7303 | D:6      | Reached skill level 11 in Fire Magic
  8537 | D:6      | Reached skill level 12 in Fire Magic
  8709 | D:7      | Reached XP level 10. HP: 31/50 MP: 5/14
  8922 | D:7      | Reached skill level 10 in Conjurations
  9278 | D:7      | Found a staircase to the Ecumenical Temple.
  9285 | Temple   | Entered the Ecumenical Temple
  9503 | Temple   | Learned a level 3 spell: Stone Arrow
  9518 | Temple   | Became a worshipper of Qazlal Stormbringer
  9930 | D:7      | Identified a scroll of acquirement
  9931 | D:7      | Acquired a staff of fire
  9938 | D:7      | Learned a level 4 spell: Flame Wave
 10269 | D:8      | Reached skill level 1 in Fighting
 10373 | D:8      | Reached * piety under Qazlal
 10647 | D:8      | Found a radiant altar of Vehumet.
 10693 | D:8      | Found a white marble altar of Elyvilon.
 11271 | D:9      | Found an ancient bone altar of Kikubaaqudgha.
 11318 | D:9      | Found a hide-covered altar of Uskayaw.
 11496 | D:9      | Noticed a two-headed ogre
 11629 | D:9      | Reached skill level 13 in Fire Magic
 11700 | D:9      | HP: 1/53 [spore (15)]
 11882 | D:9      | Killed a two-headed ogre
 12157 | D:5      | Bought a scroll of enchant weapon for 112 gold pieces
 12157 | D:5      | Bought a scroll of fear for 60 gold pieces
 12157 | D:5      | Bought a scroll of fear for 60 gold pieces
 12314 | D:9      | Found a sparkling altar of Nemelex Xobeh.
 12478 | D:10     | Entered Level 10 of the Dungeon
 12478 | D:10     | Noticed Nergalle
 12478 | D:10     | Noticed a two-headed ogre
 12478 | D:10     | Noticed a two-headed ogre
 12614 | D:10     | Noticed Grum
 12828 | D:10     | Killed Grum
 12829 | D:10     | Reached XP level 11. HP: 30/60 MP: 7/16
 12900 | D:10     | Noticed a two-headed ogre
 12920 | D:10     | Killed a two-headed ogre
 12921 | D:10     | Reached skill level 1 in Air Magic
 12995 | D:9      | Killed Nergalle
 13097 | D:10     | Killed a two-headed ogre
 13259 | D:10     | Noticed a boulder beetle
 13408 | D:10     | Killed a two-headed ogre
 13482 | D:10     | Found a staircase to the Lair.
 13491 | D:10     | Found a bloodstained altar of Trog.
 13504 | Lair:1   | Entered Level 1 of the Lair of Beasts
 13845 | Lair:1   | Reached skill level 14 in Fire Magic
 14001 | D:10     | Killed a boulder beetle
 14002 | D:10     | Reached skill level 5 in Dodging
 14057 | D:10     | Reached skill level 1 in Short Blades
 14216 | D:10     | Reached ** piety under Qazlal
 14287 | D:10     | Found a glowing golden altar of the Shining One.
 14287 | D:10     | Found a sacrificial altar of Ru.
 14762 | D:11     | Found Gekoiwn's Jewellery Emporium.
 15112 | D:11     | Found a staircase to the Orcish Mines.
 16317 | Lair:1   | Reached XP level 12. HP: 42/67 MP: 0/19
 16599 | Lair:1   | Reached skill level 5 in Air Magic
 17396 | Lair:1   | Reached *** piety under Qazlal
 17595 | Lair:2   | Noticed a five-headed hydra
 17600 | Lair:2   | Killed a five-headed hydra
 17756 | Lair:2   | Learned a level 6 spell: Starburst
 17833 | Lair:2   | Reached skill level 5 in Fighting
 17908 | Lair:2   | Reached skill level 5 in Spellcasting
 18718 | Lair:2   | Reached skill level 15 in Fire Magic
 18924 | Lair:1   | Learned a level 2 spell: Passwall
 18935 | Lair:2   | Found a hole to the Spider Nest.
 19381 | Lair:2   | Reached skill level 1 in Transmutations
 19950 | Lair:2   | Reached **** piety under Qazlal
 19951 | Lair:2   | Reached XP level 13. HP: 74/74 MP: 10/21
 20119 | Lair:2   | Found a staircase to the Shoals.
 20605 | Lair:3   | Noticed Kirke
 20783 | Lair:3   | Killed Kirke
 20928 | Lair:3   | You are sucked into a shaft and drop 2 floors!
 20928 | Lair:5   | Entered Level 5 of the Lair of Beasts
 20936 | Lair:5   | Reached skill level 5 in Short Blades
 21369 | Lair:5   | Noticed Rupert
 21372 | Lair:5   | Paralysed by Rupert for 4 turns
 21381 | Lair:5   | Paralysed by Rupert for 2 turns
 21388 | Lair:5   | Killed from afar by an oklob plant

Illustrated notes

Levels and vault maps discovered:
D:1:      dpeg_arrival_solitude, layout_basic,
          hellmonk_ecumenical_altar_slurped_away
D:2:      minmay_inner_zag, layout_rooms
D:3:      layout_loops_ring, saegor_snake_ambush
D:4:      layout_loops_ring, nicolae_wu_jian_wuxing_cycle, hex_tiny,
          kennysheep_nub, minmay_fractal_squares_5, uniq_menkaure, uniq_robin
D:5:      layout_loops_ring, zin_angel, serial_shops,
          nicolae_shop_rolling_square, hellmonk_ghost_happy_afterlife
D:6:      layout_basic, cheibrodos_sewer_entry_drain
D:7:      layout_rooms, minmay_temple_entry_enclosed_plants
D:8:      layout_rooms, elyvilon_altar_3, vehumet_altar_wand_db
D:9:      layout_rooms, mainiacjoe_overflow_surrounded_room,
          nemelex_diamond_rough_becter, mainiacjoe_overflow_tiny_flanked,
          serial_glass, glass_columns_c, glass_columns_b, glass_columns_b,
          glass_columns_c
D:10:     layout_rooms, mainiacjoe_overflow_catwalk,
          gammafunk_temple_overflow_wave, lair_entry_dummy, uniq_grum,
          uniq_nergalle
D:11:     layout_basic, orc_david_3, serial_shops, nicolae_shop_trees
D:12:     layout_basic, gammafunk_ghost_grave, uniq_erolcha
Temple:   chequers_temple_sunken
Lair:1:   layout_regular_city, lemuel_fruit_tree, serial_bayou_shore_a
Lair:2:   layout_cave_pods, minmay_shoals_entry_lonely_mermaid,
          spider_nest_entry_a, infiniplex_staircase_pool_2, grunt_megastairs_2
Lair:3:   layout_concentric_octagons, uniq_kirke
Lair:5:   hangedman_lair_caniforms_friends, layout_cave_pods, uniq_rupert

Skill      XL: |  1  2  3  4  5  6  7  8  9 10 11 12 13 |
---------------+----------------------------------------+-----
Conjurations   | 2 3 4 5 6 7 9 11 13 14 | 14.2
Fire Magic     | 4 5 6 7 8 10 12 13 14 15 | 15.9
Earth Magic    | 1 2 3 |  3.0
Hexes          | 1 |  1.0
Translocations | 1 2 3 |  3.0
Fighting       | 3 4 5 6 |  6.5
Dodging        | 4 5 6 7 |  7.5
Spellcasting   | 3 4 5 |  5.0
Air Magic      | 4 5 |  5.0
Short Blades   | 2 4 5 |  5.0
Transmutations | 1 |  1.0
Stealth        | |  2.0

Action                     |  1- 3 |  4- 6 |  7- 9 | 10-12 | 13-15 || total
---------------------------+-------+-------+-------+-------+-------++-------
  Melee: Dagger            |       |     6 |    10 |    47 |    11 ||    74
         Kick              |       |     2 |     2 |    14 |     6 ||    24
         Peck              |       |     1 |       |     8 |     4 ||    13
         Staff             |       |       |       |     4 |       ||     4
         Unarmed           |       |       |       |       |     1 ||     1
  Throw: Dart              |       |       |     1 |       |       ||     1
         Javelin           |       |       |     1 |       |       ||     1
   Cast: Foxfire           |    57 |    58 |   135 |   164 |    13 ||   427
         Scorch            |     5 |    33 |    93 |   198 |    24 ||   353
         Inner Flame       |       |       |       |    39 |     8 ||    47
         Flame Wave        |       |       |       |     8 |     1 ||     9
         Stone Arrow       |       |       |       |    26 |     3 ||    29
         Starburst         |       |       |       |    10 |    11 ||    21
         Passwall          |       |       |       |       |     2 ||     2
  Evoke: Wand              |       |       |       |     3 |       ||     3
    Use: Scroll            |       |     5 |    14 |    20 |     6 ||    45
         Potion            |       |       |       |     4 |     1 ||     5
   Stab: Distracted        |       |     1 |       |     1 |       ||     2
 Armour: Robe              |     4 |       |     4 |    33 |     4 ||    45
  Dodge: Dodged            |    16 |    13 |    26 |   228 |    23 ||   306
  Block: Other             |       |       |       |    26 |    19 ||    45
